 Dungeon Crawl Stone Soup version 0.24.0-41-g2ae2f7f1be (webtiles) character file.

Game seed: 7585287332728821817, levelgen mode: deterministic

49 H0rd4k the Magician (level 3, 0/19 HPs)
             Began as a Deep Elf Wizard on Dec 7, 2019.
             Succumbed to Robin's poison
             ... on level 2 of the Dungeon on Dec 9, 2019.
             The game lasted 00:03:06 (1367 turns).

H0rd4k the Magician (Deep Elf Wizard)               Turns: 1367, Time: 00:03:07

Health: 0/19       AC:  2    Str:  4    XL:     3   Next: 51%
Magic:  5/12       EV: 13    Int: 23    God:
Gold:   63         SH:  0    Dex: 13    Spells: 4/13 levels left

rFire    . . .     SeeInvis .   (no weapon)
rCold    . . .     Gourm    .   (no shield)
rNeg     . . .     Faith    .   a - +0 robe
rPois    .         Spirit   .   b - +0 hat
rElec    .         Reflect  .   (no cloak)
rCorr    .         Harm     .   (no gloves)
MR       .....                  (no boots)
Stlth    ++........             (no amulet)
HPRegen  0.06/turn              (no ring)
MPRegen  0.13/turn              (no ring)

@: lethally poisoned (0 -> -29)
A: no striking features
a: no special abilities


You were on level 2 of the Dungeon.
You were not hungry.

You visited 1 branch of the dungeon, and saw 2 of its levels.

You collected 63 gold pieces.

Inventory:

Armour
 a - a +0 robe (worn)
 b - a +0 hat (worn)
Scrolls
 c - a scroll of teleportation {unknown}
 f - a scroll of remove curse {unknown}
 g - a scroll of enchant weapon {unknown}
 h - a scroll of immolation {unknown}
Potions
 e - a potion of cancellation {unknown}
Comestibles
 d - 3 rations


   Skills:
 + Level 2.7 Dodging
 + Level 2.8 Stealth
 + Level 5.8 Spellcasting
 + Level 1.5 Conjurations
   Level 1.1 Summonings
 + Level 1.1 Translocations


You had 4 spell levels left.
You knew the following spells:

 Your Spells              Type           Power        Failure   Level  Hunger
a - Magic Dart            Conj           ##..         4%          1    None
b - Blink                 Tloc           N/A          9%          2    None
c - Conjure Flame         Conj/Fire      ##......     19%         3    #......
d - Mephitic Cloud        Conj/Pois/Air  #.......     22%         3    #......

Your spell library contained the following spells:

 Spells                   Type           Power        Failure   Level  Hunger
 Call Imp                 Summ           ##......     9%          2    None
 Slow                     Hex            #.......     13%         2    None


Dungeon Overview and Level Annotations

Branches:
Dungeon (2/15)

Altars:
Vehumet
Wu Jian

Annotations:
D:1 exclusion: downstairs
D:2 Robin


Message History

Robin is heavily wounded.
You feel sick. Robin hits you but does no damage.
You are more poisoned.
Casting: Magic Dart (safe; 4% risk of failure)
Confirm with . or Enter, or press ? or * to list all spells.
Aiming: Magic Dart (safe; 4% risk of failure)
Press: ? - help, Shift-Dir - straight line, f/p - Robin
Aim: Robin, wielding a +1 spear of venom, wearing a +0 animal skin and wearing a +0 helmet (heavily wounded)
The magic dart hits Robin.
Robin is heavily wounded.
You feel sick.
Robin hits you from afar with a +1 spear of venom.
You are more poisoned.
* * * LOW HITPOINT WARNING * * *
You feel very sick.
* * * LOW HITPOINT WARNING * * *
You feel sick.
Robin flexes a bicep menacingly.
Robin closely misses you.
You die...

###### #.# )..w.# #.#
###### . #.# # ... #)# #
#... #######.# #
#..#####....)..# #
#..g....####### #
#..#g.#.#...#.# ######
##.#...@......# .....#
#.#.#####..#.#########
####.#
#.#........#.........#
..##.#
##.#..8..#....#######.#
...#.# #..÷.....#.##.#
#.# ^..#.#
#..#####)#.##.# #.#
.....# ##........#.##.#
#.# ...#.#
#.÷######)#.##.# #.#
...#.####.#######...##.#
#.#


You could see Robin and a hobgoblin.

Vanquished Creatures
  An adder (D:2)
  An ooze (D:1)
  A ball python (D:1)
  12 goblins
  2 hobgoblins
  A kobold (D:1)
  A quokka (D:2)
  8 bats
  3 frilled lizards (D:1)
  4 rats (D:1)
34 creatures vanquished.

Notes
Turn   | Place    | Note
-------+----------+-------------------------------------------
     0 | D:1      | H0rd4k the Deep Elf Wizard began the quest for the Orb.
     0 | D:1      | Reached XP level 1. HP: 10/10 MP: 7/7
   136 | D:1      | Upgraded the game from 0.24.0-37-gcf1ca852f1 to
                  | 0.24.0-41-g2ae2f7f1be
   226 | D:1      | Reached skill level 5 in Spellcasting
   227 | D:1      | Reached XP level 2. HP: 15/15 MP: 2/10
   914 | D:2      | Found a radiant altar of Vehumet.
   947 | D:2      | Reached XP level 3. HP: 19/19 MP: 4/12
   971 | D:2      | Learned a level 2 spell: Blink
   975 | D:2      | Learned a level 3 spell: Conjure Flame
   986 | D:2      | Noticed Robin
  1227 | D:1      | Learned a level 3 spell: Mephitic Cloud
  1276 | D:2      | Found an ornate altar of the Wu Jian Council.
  1367 | D:2      | Succumbed to Robin's poison

Levels and vault maps discovered:
D:1:      minmay_arrival_four_houses, layout_loops_corners
D:2:      minmay_general_purpose_star, layout_basic, old_standard_altar,
          nicolae_overflow_crystal_walls, lemuel_blue_sif_altar,
          minmay_pentomino_o4, uniq_robin

Skill      XL: |  1 |
---------------+----+-----
Spellcasting   | 5 |  5.8
Dodging        | |  2.7
Stealth        | |  2.8
Conjurations   | |  1.5
Summonings     | |  1.1
Translocations | |  1.1

Action                   || total
-------------------------++-------
Melee: Unarmed           ||     1
 Cast: Magic Dart        ||    76
       Blink             ||     1
  Eat: Chunk             ||     1
Armor: Robe              ||     3
Dodge: Dodged            ||    13
